 Dungeon Crawl Stone Soup version 0.21.1-1-g345015f (webtiles) character file.

209719 nightchill the Warrior (level 19, -1/159 HPs)
             Began as a Formicid Fighter on Mar 24, 2018.
             Was a High Priest of Okawaru.
             Slain by the 26-headed Lernaean hydra (11 damage)
             ... on level 4 of the Swamp on Mar 25, 2018.
             The game lasted 04:08:21 (41209 turns).

nightchill the Warrior (Formicid Fighter)          Turns: 41209, Time: 04:08:22

Health: -1/159     AC: 36    Str: 31    XL:     19   Next: 54%
Magic:  28/28      EV: 15    Int: 10    God:    Okawaru [*****.]
Gold:   3125       SH: 24    Dex: 10    Spells: 18/18 levels left

rFire    . . .     SeeInvis +   h - +2 great sword (vamp)
rCold    + + .     Gourm    +   E - +0 large shield
rNeg     . . .     Faith    .   P - +15 Maxwell's patent armour {-Cast -Tele rElec MR+ rCorr}
rPois    +         Spirit   .   (helmet unavailable)
rElec    +         Reflect  .   B - +0 cloak {MR+}
rCorr    +         Harm     .   V - +0 pair of gloves of Bad Feelings {rPois rC+ Str+4}
MR       ++++.     NoCast   +   (no boots)
Stlth    ..........             j - amulet of the gourmand
HPRegen  0.36/turn              e - ring of protection from cold
MPRegen  0.21/turn              G - ring of protection from magic

@: heroism
A: permanent stasis, dig shafts and tunnels, four strong arms, antennae 3
}: 1/15 runes: serpentine
a: Dig, Shaft Self, Heroism, Finesse, Renounce Religion


You were on level 4 of the Swamp.
You worshipped Okawaru.
Okawaru was extremely pleased with you.
You were not hungry.

You visited 7 branches of the dungeon, and saw 32 of its levels.

You collected 3125 gold pieces.

Inventory:

Hand Weapons
 d - a +2 triple sword of electrocution
 h - a +2 vampiric great sword (weapon)
 i - a +0 falchion of flaming
 N - the +5 double sword of Woiwn {drain, rElec rPois}
   (Okawaru gifted it to you on level 4 of the Snake Pit)

   A truly terrible weapon, it drains the life of those it strikes.
   It insulates you from electricity.
   It protects you from poison.
Missiles
 b - 7 tomahawks (quivered)
 s - 2 throwing nets
 S - 3 javelins
Armour
 c - a +0 shield of reflection
 A - a +1 plate armour of cold resistance
 B - a +0 cloak of magic resistance (worn)
 E - a +0 large shield (worn)
 P - the +15 Maxwell's patent armour (worn) {-Cast -Tele rElec MR+ rCorr}
   (Okawaru gifted it to you on level 14 of the Dungeon)

   It insulates you from electricity.
   It affects your resistance to hostile enchantments.
   It prevents spellcasting.
   It prevents most forms of teleportation.
   It protects you from acid and corrosion.
 V - the +0 pair of gloves of Bad Feelings (worn) {rPois rC+ Str+4}
   (Okawaru gifted it to you on level 4 of the Snake Pit)

   It affects your strength (+4).
   It protects you from cold.
   It protects you from poison.
Jewellery
 e - a ring of protection from cold (left hand)
 j - an amulet of the gourmand (around neck)
 p - an uncursed ring of protection from magic
 G - a ring of protection from magic (right hand)
 W - an uncursed ring of flight
 X - an uncursed ring of protection from magic
Wands
 D - a wand of paralysis (39)
 M - a wand of polymorph (22)
 T - a wand of flame (37)
 U - a wand of enslavement (42)
Scrolls
 a - 2 scrolls of fog
 l - 9 scrolls of remove curse
 n - 11 scrolls of identify
 o - 7 scrolls of enchant armour
 y - 2 scrolls of fear
 C - a scroll of summoning
 H - 7 scrolls of immolation
 Q - a scroll of magic mapping
 R - 5 scrolls of amnesia
Potions
 g - a potion of invisibility
 k - 4 potions of might
 q - 6 potions of curing
 r - 8 potions of brilliance
 t - 2 potions of cancellation
 v - 5 potions of mutation
 w - 4 potions of ambrosia
 x - 3 potions of magic
 z - 2 potions of flight
 L - a potion of resistance
 Z - 3 potions of agility
Books
 m - a book of Party Tricks

   Spells                             Type                      Level
   a - Summon Butterflies             Summoning                    1
   b - Apportation                    Translocation                1
   c - Lesser Beckoning               Translocation                3
   d - Tukima's Dance                 Hexes                        3
   e - Alistair's Intoxication        Transmutation/Poison         5
   f - Invisibility                   Hexes                        6
Miscellaneous
 K - a fan of gales (inert)
 O - a phial of floods
Comestibles
 f - 36 rations


   Skills:
 + Level 16.6(21.6) Fighting
 + Level 16.3(21.3) Long Blades
 - Level 1.5(6.5) Throwing
 + Level 13.2(18.2) Armour
 + Level 11.7(16.7) Dodging
 - Level 15.0(20.0) Shields
 - Level 12.0 Invocations
 + Level 8.6 Evocations


You had 18 spell levels left.
You didn't know any spells.

Dungeon Overview and Level Annotations

Branches:
Dungeon (15/15) Temple (1/1) D:5 Lair (5/6) D:10 Swamp (4/4) Lair:3 Snake (4/4) Lair:3 Slime (0/5) Lair:5 Orc (2/2) D:12 Elf (1/3) Orc:2 Vaults (0/5) D:13 D:14 Depths (0/5) D:15

Altars:
Ashenzari
Cheibriados
Dithmenos
Elyvilon
Gozag
Hepliaklqana
Kikubaaqudgha
Makhleb
Nemelex Xobeh
Okawaru
Qazlal
Ru
Sif Muna
Trog
Uskayaw
Vehumet
Wu Jian
Xom
Yredelemnul
Zin
The Shining One
Beogh

Shops:
D:10 %=}   D:11 %   Orc:2 ([(*

Portals:
Bazaar: Orc:2

Annotations:
D:4 exclusion: downstairs
D:5 Sigmund; Zgarb's ghost, novice DEFE
D:6 !hydra
D:10 !dont be cocky
D:12 exclusion: downstairs
D:13 1 runed door, exclusions: door and downstairs
D:14 !mummy ouchy, 1 exclusion
Lair:2 !hydra and yak cluster
Lair:4 exclusions: downstairs and oklob plant
Swamp:4 Lernaean hydra
Elf:1 !danger


Innate Abilities, Weirdness & Mutations

You cannot be hasted, slowed, berserked, paralysed or teleported.
You can dig through walls and to a lower floor.
Your four strong arms can wield two-handed weapons with a shield.
You have a pair of large antennae on your head. (SInv)


Message History

The bog body is unaffected.
The blink frog looks frightened!
The swamp worm looks frightened! x2
You block the 26-headed Lernaean hydra's attack.
The 26-headed Lernaean hydra bites you but does no damage. x2
The 26-headed Lernaean hydra bites you!
* * * LOW HITPOINT WARNING * * *
The 26-headed Lernaean hydra bites you but does no damage.
You block the 26-headed Lernaean hydra's attack.
The 26-headed Lernaean hydra bites you!
* * * LOW HITPOINT WARNING * * *
You block the 26-headed Lernaean hydra's attack. x2
The 26-headed Lernaean hydra bites you but does no damage.
The 26-headed Lernaean hydra bites you!
* * * LOW HITPOINT WARNING * * *
The 26-headed Lernaean hydra bites you but does no damage.
The 26-headed Lernaean hydra bites you.
* * * LOW HITPOINT WARNING * * *
The 26-headed Lernaean hydra completely misses you.
The 26-headed Lernaean hydra bites you!
You die...

.. ≈♣... ... ..≈♣ .≈≈
≈≈≈♣ .≈.≈ ≈.. ≈.♣♣≈w ..
... ≈.♣≈♣ .≈. ≈...
♣♣..♣ ≈≈§≈ { ≈≈≈F.
♣@≈.♣♣.≈≈≈ .{{{ ≈..≈♣♣
♣♣≈D....≈≈≈ #Dk{
#≈≈≈♣♣F.k†≈≈.≈≈≈ ##k###
♣≈.kwF[†.....≈
..(≈≈.###♣#.≈§()F..♣♣≈≈
..(≈§..{.♣##.(n≈.♣♣...≈
(.§(≈(D)..{##§...≈♣♣.♣♣
.≈≈(≈≈...{{[w≈.≈..♣♣≈♣
§((≈≈≈≈≈..##[§.......♣


You could see the 26-headed Lernaean hydra, a lindwurm (fleeing), a bog body, 2
spiny frogs, 3 swamp worms, a blink frog (confused) and a swamp drake (fleeing).

Vanquished Creatures
  Vashnia (Snake:4)
  Frances (Swamp:2)
  Gastronok (D:12)
  Kirke (Lair:5)
  A thorn hunter (Swamp:3)
  Agnes (Snake:2)
  7 nagarajas
  An orc warlord (Orc:2)
  2 green draconians (Swamp:2)
  An ettin (D:15)
  Josephine (Lair:5)
  A mummy priest (D:14)
  An ogre mage (D:13)
  13 naga warriors
  18 hydras
  A catoblepas (Lair:3)
  12 anacondas
  A death knight (D:15)
  5 alligators
  3 centaur warriors
  8 two-headed ogres
  The ghost of Aelig the Transmogrifier, a novice DrTm of Elyvilon (D:9)
  27 naga sharpshooters
  An orc high priest (Orc:2)
  3 tengu warriors (D:15)
  13 shock serpents
  7 salamander mystics
  3 spriggans
  A hell knight (D:15)
  5 skeletal warriors (D:14)
  6 lindwurms
  4 naga ritualists
  Pikel (D:8)
  3 orc knights
  14 swamp dragons
  10 mana vipers
  4 shambling mangroves
  3 ugly things
  2 orc sorcerers (Orc:2)
  A cyclops (D:11)
  16 slime creatures
  16 salamanders
  4 centaur zombies
  2 manticores
  6 guardian serpents
  3 elephants (Lair:5)
  33 naga magi
  35 black mambas
  Maurice (D:9)
  15 spiny frogs
  A rime drake (Lair:4)
  2 freezing wraiths (D:15)
  3 komodo dragons
  2 yaktaurs (D:15)
  4 trolls
  A guardian mummy (D:14)
  11 tyrant leeches
  A polar bear (Lair:3)
  2 bog bodies (Swamp:1)
  8 hornets
  2 dream sheep (D:9)
  9 hippogriffs
  4 blink frogs
  Prince Ribbit (D:7)
  A tarantella (shapeshifter) (D:10)
  A shadow (Swamp:2)
  4 wraiths
  A wyvern (D:13)
  41 yaks
  16 humans
  3 basilisks
  4 hogs (Lair:4)
  25 vampire mosquitoes
  2 hungry ghosts
  52 nagas
  12 swamp worms
  3 insubstantial wisps (Swamp:4)
  6 wargs
  A soldier ant (D:12)
  7 water moccasins
  2 acid dragons
  10 porcupines
  2 ice beasts
  5 sky beasts
  13 swamp drakes
  41 orc warriors
  4 slaves (D:8)
  A black bear (D:10)
  10 ogres
  An eye of draining (D:14)
  6 phantoms
  A boggart (D:14)
  7 centaurs
  11 wolves
  8 crocodiles
  6 big kobolds
  23 bullfrogs
  2 wyvern skeletons
  5 scorpions
  13 killer bees
  4 wights (D:8)
  4 howler monkeys
  5 crimson imps
  3 bullfrog zombies
  25 orc priests
  5 centaur skeletons
  4 jellies
  A bullfrog skeleton (D:12)
  4 hounds
  An iron imp (D:5)
  40 orc wizards
  4 iguanas
  7 worker ants
  A killer bee zombie (D:7)
  2 mummies (D:14)
  A hound zombie (D:11)
  2 hound skeletons
  2 worker ant zombies
  Robin (D:2)
  9 adders
  6 gnolls
  A shadow imp (D:7)
  4 adder skeletons
  2 dart slugs (D:2)
  8 leopard geckos
  123 orcs
  10 bats
  4 giant cockroaches
  17 goblins
  5 hobgoblins
  19 jackals
  3 frilled lizards
  A giant cockroach zombie (D:4)
  3 goblin zombies (D:5)
  2 hobgoblin zombies (D:5)
  20 kobolds
  A kobold skeleton (D:5)
  A kobold zombie (D:5)
  A leopard gecko skeleton (D:4)
  3 orc skeletons (D:5)
  4 quokka skeletons
  9 rats
  A briar patch (Swamp:3)
  A fungus (Lair:5)
1096 creatures vanquished.

Vanquished Creatures (collateral kills)
  A swamp dragon (Swamp:4)
  A vampire mosquito (Swamp:1)
2 creatures vanquished.

Vanquished Creatures (others)
  A spriggan druid (Swamp:4)
  A blink frog (Swamp:4)
  A slime creature (Swamp:3)
  A human (Lair:5)
  An ogre (D:7)
  An iguana (D:7)
  A quokka (D:7)
  A briar patch (Swamp:3)
  3 fungi
  2 plants
13 creatures vanquished.

Grand Total: 1111 creatures vanquished

Notes
Turn   | Place    | Note
-------+----------+-------------------------------------------
     0 | D:1      | nightchill the Formicid Fighter began the quest for the Orb.
     0 | D:1      | Reached XP level 1. HP: 18/18 MP: 1/1
   269 | D:1      | Reached XP level 2. HP: 24/24 MP: 2/2
   636 | D:1      | Reached XP level 3. HP: 29/30 MP: 3/3
  1215 | D:2      | Noticed Robin
  1223 | D:2      | Killed Robin
  1288 | D:2      | Reached XP level 4. HP: 33/37 MP: 4/4
  1903 | D:3      | Reached XP level 5. HP: 19/43 MP: 5/5
  2945 | D:4      | Found an opulent altar of Gozag.
  2986 | D:4      | Noticed an ogre
  3004 | D:4      | Killed an ogre
  3004 | D:4      | Reached skill level 5 in Long Blades
  3004 | D:4      | Reached XP level 6. HP: 8/50 MP: 6/6
  3294 | D:4      | Reached skill level 5 in Fighting
  3340 | D:4      | Noticed a phantom
  3365 | D:4      | Killed a phantom
  3365 | D:4      | Reached XP level 7. HP: 27/56 MP: 7/7
  3691 | D:4      | Found a hazy altar of Hepliaklqana.
  4181 | D:5      | Entered Level 5 of the Dungeon
  4231 | D:5      | You fall through a shaft for 3 floors!
  4231 | D:8      | Noticed Pikel
  4231 | D:8      | Noticed a two-headed ogre
  4605 | D:7      | Reached XP level 8. HP: 49/64 MP: 8/8
  4838 | D:7      | Found a snail-covered altar of Cheibriados.
  4907 | D:7      | Noticed a hippogriff
  4954 | D:7      | Killed a hippogriff
  5114 | D:7      | Found a stormy altar of Qazlal.
  5125 | D:7      | Found a hide-covered altar of Uskayaw.
  5131 | D:7      | Noticed Prince Ribbit
  5151 | D:7      | Killed Prince Ribbit
  5151 | D:7      | Reached skill level 5 in Shields
  5386 | D:6      | Reached XP level 9. HP: 54/71 MP: 9/9
  5555 | D:5      | Found a glowing golden altar of the Shining One.
  5562 | D:5      | Reached skill level 5 in Armour
  5720 | D:5      | Found a staircase to the Ecumenical Temple.
  5729 | Temple   | Entered the Ecumenical Temple
  5929 | Temple   | Became a worshipper of Warmaster Okawaru
  6436 | D:5      | Noticed Sigmund
  6436 | D:5      | Noticed Zgarb's ghost (novice DEFE)
  6924 | D:5      | Found a sacrificial altar of Ru.
  7237 | D:6      | Found a shadowy altar of Dithmenos.
  7655 | D:6      | Reached * piety under Okawaru
  7748 | D:6      | Noticed a seven-headed hydra
  8030 | D:7      | Identified a scroll of acquirement
  8378 | D:7      | Killed a two-headed ogre
  8378 | D:7      | Reached ** piety under Okawaru
  8378 | D:7      | Reached skill level 1 in Throwing
  8378 | D:7      | Reached XP level 10. HP: 55/80 MP: 7/11
  9156 | D:8      | Killed Pikel
  9396 | D:9      | Noticed Aelig's ghost (novice DrTm)
  9414 | D:9      | Killed Aelig's ghost
  9414 | D:9      | Reached *** piety under Okawaru
  9622 | D:9      | Reached skill level 10 in Long Blades
  9796 | D:9      | Reached XP level 11. HP: 87/87 MP: 14/14
  9813 | D:9      | Noticed Maurice
  9820 | D:9      | Found a bloodstained altar of Trog.
 10002 | D:9      | Killed Maurice
 10109 | D:9      | Reached skill level 5 in Invocations
 10133 | D:9      | Reached **** piety under Okawaru
 10160 | D:9      | Noticed a three-headed hydra
 10170 | D:9      | Killed a one-headed hydra
 10170 | D:9      | Received a gift from Okawaru
 10656 | D:9      | Found an ornate altar of the Wu Jian Council.
 10713 | D:10     | Entered Level 10 of the Dungeon
 10766 | D:10     | Noticed a two-headed ogre
 10785 | D:10     | Killed a two-headed ogre
 10785 | D:10     | Reached skill level 1 in Dodging
 10813 | D:10     | Reached ***** piety under Okawaru
 10835 | D:10     | Noticed a two-headed ogre
 10853 | D:10     | Killed a two-headed ogre
 11249 | D:10     | Found Xaingawain's Gadget Shoppe.
 11280 | D:10     | Found Soympaw's Jewellery Shop.
 11321 | D:10     | Noticed a two-headed ogre
 11340 | D:10     | Killed a two-headed ogre
 11340 | D:10     | Received a gift from Okawaru
 11376 | D:10     | Found a staircase to the Lair.
 11442 | D:10     | Reached XP level 12. HP: 97/97 MP: 17/17
 11457 | D:10     | Reached skill level 10 in Fighting
 11466 | D:10     | Found Rumpaas's Food Shoppe.
 12039 | Lair:1   | Entered Level 1 of the Lair of Beasts
 12101 | Lair:1   | Reached skill level 10 in Shields
 12715 | Lair:1   | Received a gift from Okawaru
 14555 | Lair:2   | Noticed a death yak
 14556 | Lair:2   | Noticed a four-headed hydra
 14556 | Lair:2   | Noticed a death yak
 14556 | Lair:2   | Noticed a death yak
 14574 | Lair:3   | Reached XP level 13. HP: 105/105 MP: 19/19
 14653 | Lair:3   | Noticed a catoblepas
 14671 | Lair:3   | Killed a catoblepas
 14864 | Lair:3   | Found a staircase to the Snake Pit.
 14883 | Lair:3   | Reached skill level 5 in Dodging
 15304 | Lair:3   | Found a staircase to the Swamp.
 16294 | Lair:4   | Received a gift from Okawaru
 16664 | Lair:4   | Reached ****** piety under Okawaru
 17132 | Lair:5   | Noticed Kirke
 17219 | Lair:5   | Noticed Josephine
 17235 | Lair:5   | Killed Josephine
 17513 | Lair:5   | Noticed a seven-headed hydra
 17529 | Lair:5   | Killed a one-headed hydra
 17529 | Lair:5   | Reached skill level 10 in Invocations
 17669 | Lair:5   | Killed Kirke
 17669 | Lair:5   | Received a gift from Okawaru
 17748 | Lair:5   | Found a staircase to the Slime Pits.
 18925 | D:11     | Reached XP level 14. HP: 104/115 MP: 18/21
 19093 | D:11     | Found Odaid's Food Boutique.
 20215 | D:12     | Noticed Gastronok
 20316 | D:12     | Killed Gastronok
 20447 | D:12     | Found a staircase to the Orcish Mines.
 20807 | Orc:1    | Entered Level 1 of the Orcish Mines
 21144 | Orc:2    | Entered Level 2 of the Orcish Mines
 21144 | Orc:2    | Found a gateway to a bazaar.
 21275 | Orc:2    | Found a roughly hewn altar of Beogh.
 21504 | Orc:2    | Found a roughly hewn altar of Beogh.
 21508 | Orc:2    | Found Awkyqila's Assorted Antiques.
 21659 | Orc:2    | Found a roughly hewn altar of Beogh.
 21882 | Orc:2    | Found a staircase to the Elven Halls.
 22044 | Orc:2    | Found a roughly hewn altar of Beogh.
 22125 | Orc:2    | Found a roughly hewn altar of Beogh.
 22160 | Orc:2    | Found Leent's Weapon Boutique.
 22703 | Orc:2    | Received a gift from Okawaru
 22786 | Orc:2    | Noticed an orc warlord
 22847 | Orc:2    | Killed an orc warlord
 22946 | Orc:2    | Found Qioqe's Antique Armour Shop.
 22947 | Orc:2    | Found a roughly hewn altar of Beogh.
 22951 | Orc:2    | Found Naip's Antique Weapon Boutique.
 24231 | D:13     | Reached XP level 15. HP: 122/122 MP: 23/23
 24242 | D:13     | Found a runed door.
 24618 | D:14     | Found a gate to the Vaults.
 25062 | D:14     | Received a gift from Okawaru
 25063 | D:14     | Found the +15 Maxwell's patent armour {-Cast -Tele rElec MR+ rCorr}
 26415 | D:15     | Entered Level 15 of the Dungeon
 26674 | D:15     | Found a staircase to the Depths.
 27011 | D:15     | Received a gift from Okawaru
 27011 | D:15     | Reached skill level 1 in Evocations
 27024 | D:15     | Got a jasper-encrusted chain mail {god gift}
 27038 | D:15     | Identified the +5 chain mail of Light {rPois rC++ Dex+2 Slay-6} (Okawaru gifted it to you on level 15 of the Dungeon)
 27490 | Swamp:1  | Entered Level 1 of the Swamp
 28238 | Swamp:1  | Reached XP level 16. HP: 105/132 MP: 25/25
 28654 | Elf:1    | Entered Level 1 of the Elven Halls
 29163 | Snake:1  | Entered Level 1 of the Snake Pit
 30849 | Snake:2  | Noticed Agnes
 30867 | Snake:2  | Killed Agnes
 31005 | Snake:2  | Received a gift from Okawaru
 31042 | Snake:2  | Got faintly humming swamp dragon scales {god gift}
 31054 | Snake:2  | Identified the +0 swamp dragon scales "Maacyxkefi" {rPois Stlth+} (Okawaru gifted it to you on level 2 of the Snake Pit)
 31119 | Snake:2  | Noticed a nagaraja
 31138 | Snake:2  | Killed a nagaraja
 31698 | Snake:2  | Reached skill level 5 in Evocations
 32139 | Snake:2  | Reached skill level 10 in Armour
 32139 | Snake:2  | Reached skill level 15 in Shields
 32776 | Snake:3  | Reached XP level 17. HP: 140/140 MP: 26/26
 33540 | Snake:3  | Received a gift from Okawaru
 34023 | Snake:3  | Reached skill level 15 in Fighting
 34223 | Snake:4  | Entered Level 4 of the Snake Pit
 34564 | Snake:4  | Received a gift from Okawaru
 34575 | Snake:4  | Noticed Vashnia
 34602 | Snake:4  | Reached skill level 15 in Long Blades
 34613 | Snake:4  | Killed Vashnia
 34624 | Snake:4  | Reached skill level 10 in Dodging
 35451 | Snake:4  | Reached XP level 18. HP: 144/149 MP: 27/27
 35589 | Snake:4  | Found a bloodstained altar of Trog.
 36460 | Snake:4  | Received a gift from Okawaru
 36471 | Snake:4  | Got a smoking double sword {god gift}
 37378 | Snake:4  | Received a gift from Okawaru
 37614 | Snake:4  | Received a gift from Okawaru
 37617 | Snake:4  | Got a pair of distressingly furry gloves {god gift}
 37645 | Snake:4  | Identified the +0 pair of gloves of Bad Feelings {rPois rC+ Str+4} (Okawaru gifted it to you on level 4 of the Snake Pit)
 37685 | Snake:4  | Got a serpentine rune of Zot
 38035 | Swamp:1  | Identified the +5 double sword of Woiwn {drain, rElec rPois} (Okawaru gifted it to you on level 4 of the Snake Pit)
 39171 | Swamp:2  | Noticed Frances
 39177 | Swamp:2  | Killed Frances
 39182 | Swamp:2  | Reached XP level 19. HP: 157/157 MP: 28/28
 40726 | Swamp:4  | Entered Level 4 of the Swamp
 41176 | Swamp:4  | Noticed the 27-headed Lernaean hydra
 41182 | Swamp:4  | Received a gift from Okawaru
 41209 | Swamp:4  | Slain by the 26-headed Lernaean hydra

Skill      XL: |  1  2  3  4  5  6  7  8  9 10 11 12 13 14 15 16 17 18 19 |
---------------+----------------------------------------------------------+-----
Long Blades    | 3 4 5 6 7 9 10 11 12 13 14 15 16 | 16.3
Fighting       | 4 5 6 8 9 10 12 13 14 15 16 | 16.6
Shields        | 4 5 7 8 9 10 12 13 14 15 | 15.0
Armour         | 4 6 7 8 9 10 11 12 13 | 13.2
Throwing       | 1 |  1.5
Invocations    | 2 4 6 8 10 11 12 | 12.0
Dodging        | 2 4 6 7 9 10 11 | 11.7
Evocations     | 1 5 7 8 |  8.6

Action                   |  1- 3 |  4- 6 |  7- 9 | 10-12 | 13-15 | 16-18 | 19-21 || total
-------------------------+-------+-------+-------+-------+-------+-------+-------++-------
Melee: Long sword        |   133 |   161 |   414 |       |       |       |       ||   708
       Great sword       |       |       |     2 |   643 |  1689 |  1660 |   346 ||  4340
       Falchion          |       |       |       |     6 |    52 |    16 |    30 ||   104
Throw: Stone             |     2 |       |       |       |       |       |       ||     2
       Tomahawk          |       |       |       |    15 |    20 |    10 |    28 ||    73
Invok: Heroism           |       |       |     1 |    15 |    27 |    35 |     7 ||    85
       Finesse           |       |       |       |       |     3 |     6 |     1 ||    10
 Abil: Dig               |     1 |     1 |     3 |     5 |    15 |    26 |       ||    51
       Shaft Self        |       |       |     1 |       |       |       |       ||     1
Evoke: Fan of gales      |       |       |       |       |     1 |     1 |     1 ||     3
       Sack of spiders   |       |       |       |       |     1 |       |       ||     1
       Wand              |       |       |       |       |       |     1 |       ||     1
       Phantom mirror    |       |       |       |       |       |       |     1 ||     1
  Use: Potion            |       |     1 |     3 |       |     5 |     5 |     1 ||    15
       Scroll            |       |       |    15 |     4 |    12 |     3 |     3 ||    37
 Stab: Confused          |       |       |       |       |       |       |     1 ||     1
  Eat: Chunk             |     2 |     9 |    17 |    41 |    76 |    37 |    11 ||   193
       Ration            |       |       |     1 |       |     2 |     4 |     4 ||    11
Armor: Scale mail        |    69 |    57 |   161 |    55 |    90 |       |       ||   432
       Skin              |       |       |    25 |       |    15 |       |       ||    40
       Plate armour      |       |       |       |   185 |   396 |   402 |   242 ||  1225
       Chain mail        |       |       |       |       |    21 |     2 |       ||    23
Dodge: Dodged            |    44 |    65 |   127 |   128 |   443 |   338 |   175 ||  1320
Block: Shield            |    46 |       |    44 |   366 |    48 |       |       ||   504
       Buckler           |    11 |    33 |    57 |       |       |       |       ||   101
       Large shield      |       |       |       |       |  1653 |  1326 |   493 ||  3472
       Rpst.: Long sword |    19 |    19 |    30 |       |       |       |       ||    68
       Great sword       |       |       |       |    46 |   112 |    66 |    26 ||   250
       Falchion          |       |       |       |       |     4 |     1 |     2 ||     7
